 Dungeon Crawl Stone Soup version 0.30-a0-223-gcb0039aa0c (webtiles) character file.

Game seed: 8968557765165765310

34391 IdlyInterested the Protected (level 13, -7/93 HPs)
             Began as a Demonspawn Wanderer on Oct 9, 2022.
             Was a Priest of Trog.
             Killed from afar by a wretched star (13 damage)
             ... with a lance of force
             ... in a Gauntlet.
             The game lasted 01:08:20 (16036 turns).

IdlyInterested the Protected (Demonspawn Wanderer) Turns: 16036, Time: 01:08:21

Health: -7/93      AC: 21    Str: 10    XL:     13   Next: 41%
Magic:  0/11       EV:  4    Int: 13    God:    Trog [***...]
Gold:   991        SH:  0    Dex: 12    Spells: 12/12 levels left

rFire   . . .      SeeInvis .    u - +3 broad axe (flame)
rCold   + . .      Faith    .    (no shield)
rNeg    + . .      Spirit   +    v - +0 plate armour
rPois   +          Reflect  .    (no helmet)
rElec   .          Harm     .    h - +2 cloak
rCorr   +          Rampage  .    (no gloves)
Will    .....      NoTele   +    (boots unavailable)
Stlth   ..........               f - amulet of guardian spirit
HPRegen 0.00/turn                j - ring of Rationality {rPois Slay+3}
MPRegen 0.12/turn                W - ring "Rooman" {rC+ rN+ rCorr Str-3}

@: on berserk cooldown, inhibited regen, slowed, studying Shields, very slow
A: hooves 3, rugged brown scales 1, foul stench 2, spiny 2, clever 1, robust 1,
shaggy fur 1, [dopey 2], [frail 2], [low MP 2], [inhibited regeneration], [weak
2], [subdued magic 2]
a: Renounce Religion, Berserk, Trog's Hand


You were in a Gauntlet.
You worshipped Trog.
Trog was most pleased with you.
You visited 2 branches of the dungeon, and saw 14 of its levels.
You also visited: Ossuary and Gauntlet.

You collected 1183 gold pieces.
You spent 192 gold pieces at shops.

Inventory:

Hand Weapons
 u - a +3 broad axe of flaming (weapon)
 D - a +4 war axe of freezing
 T - a +1 vorpal battleaxe
Missiles
 i - 9 boomerangs
 x - a silver javelin
 y - a throwing net
 J - 3 curare-tipped darts
 K - 6 silver boomerangs
 O - 3 atropa-tipped darts
 X - 18 javelins
 Y - 4 datura-tipped darts
Armour
 h - a +2 cloak (worn)
 q - a +1 leather armour of fire resistance
 v - a +0 plate armour (worn)
 C - +0 acid dragon scales
 U - the +2 robe of Card Tricks {rN+}
   (You found it on level 12 of the Dungeon)

   rN:        It protects you from negative energy.
Jewellery
 a - a +6 ring of strength
 b - the ring of Eshrous {rC+ EV+4}
   (You found it on level 8 of the Dungeon)

   [ring of evasion]

   EV:        It affects your evasion (+4).
   rC:        It protects you from cold.
 f - an amulet of guardian spirit (around neck)
 j - the ring of Rationality (left hand) {rPois Slay+3}
   (You found it on level 2 of the Dungeon)

   [ring of poison resistance]

   Slay:      It affects your accuracy & damage with ranged weapons and melee
   (+3).
   rPois:     It protects you from poison.
 p - a ring of magical power
 G - the ring of Hiyt {rElec Will+ Str+3 Int+6}
   (You found it in a Gauntlet)

   [ring of intelligence]

   Str:       It affects your strength (+3).
   Int:       It affects your intelligence (+6).
   rElec:     It insulates you from electricity.
   Will:      It increases your willpower.
 S - an amulet of reflection
 V - a +6 ring of strength
 W - the ring "Rooman" (right hand) {rC+ rN+ rCorr Str-3}
   (You found it on level 13 of the Dungeon)

   [ring of positive energy]

   Str:       It affects your strength (-3).
   rC:        It protects you from cold.
   rN:        It protects you from negative energy.
   rCorr:     It protects you from acid and corrosion.
Wands
 e - a wand of paralysis (18)
 k - a wand of digging (5)
 P - a wand of flame (1)
 Q - a wand of polymorph (6)
Scrolls
 d - 8 scrolls of teleportation
 g - 3 scrolls of poison
 o - a scroll of fear
 s - a scroll of magic mapping
 t - a scroll of silence
 B - 2 scrolls of brand weapon
 F - 3 scrolls of enchant armour
 L - 2 scrolls of immolation
 R - 3 scrolls of identify
Potions
 l - a potion of mutation
 m - a potion of magic
 n - a potion of flight
 r - a potion of lignification
 w - a potion of might
 z - 5 potions of attraction
 A - 3 potions of cancellation
 H - 2 potions of invisibility
 I - a potion of resistance
 M - 4 potions of haste
 N - 4 potions of heal wounds
Miscellaneous
 c - a piece from Xom's chessboard (15/15) (quivered)
 E - a box of beasts (inert)
 Z - a condenser vane


   Skills:
 - Level 9.0 Fighting
 - Level 1.0 Short Blades
 + Level 12.1 Axes
 * Level 13.2 Armour
 - Level 4.0 Dodging
 - Level 4.0 Stealth
 - Level 1.2 Invocations
 + Level 8.9 Evocations


You had 12 spell levels left.
You didn't know any spells.
Your spell library contained the following spells:

 Spells                   Type           Power      Damage    Failure   Level
 Manifold Assault         Tloc           0%         N/A       100%        4
 Summon Ice Beast         Ice/Summ       0%         N/A       100%        4
 Summon Mana Viper        Hex/Summ       0%         N/A       100%        5
 Dispersal                Tloc           0%         N/A       100%        6
 Monstrous Menagerie      Summ           0%         N/A       100%        7
 Disjunction              Tloc           0%         N/A       100%        8


Dungeon Overview and Level Annotations

Branches:
Dungeon (13/15)            Temple (1/1) D:6            Lair (0/5) D:11
    Orc (0/2) D:9          Vaults (0/5) D:13        Ossuary (visited)
Gauntlet (1/1)

Altars:
Ashenzari
Cheibriados
Dithmenos
Fedhas
Gozag
Hepliaklqana
Kikubaaqudgha
Makhleb
Nemelex Xobeh
Okawaru
Qazlal
Ru
Sif Muna
Trog
Uskayaw
Vehumet
Wu Jian
Xom
Yredelemnul

Shops:
D:4 (   D:11 (*

Portals:
Trove: D:12 (give 2 scrolls of acquirement)

Annotations:
Gauntlet 13 transporters, exclusion: lightning spire


Innate Abilities, Weirdness & Mutations

You have hooves in place of feet.
You are partially covered in rugged brown scales. (AC +1, +3% HP)
You sometimes emit foul miasma when damaged in melee.
You are mostly covered in sharp spines.
Your mind is acute. (Int +4, Str/Dex -1)
You are robust. (+10% HP)
You are covered in fur. (AC +1)
[You are very dopey. (Int -4)]
[You are very frail. (-20% HP)]
[Your magical capacity is very low. (-20% MP)]
[You do not regenerate when monsters are visible.]
[You are very weak. (Str -4)]
[Your spells are easier to cast, but less powerful.]


Message History

A red film seems to cover your vision as you go berserk!
You feel yourself moving faster!
You feel mighty!
The wretched star glows turbulently.
The lance of force hits you.
* * * LOW HITPOINT WARNING * * *
You are knocked back by the lance of force.
You slam into the translucent stone wall!
* * * LOW HITPOINT WARNING * * *
You feel a strong urge to attack something.
The wretched star pulses with an eldritch light!
You feel frail. x2
You closely miss the wretched star. You kick the wretched star!
The wretched star is severely damaged.
You completely miss the wretched star. Your kick misses the wretched star.
The wretched star is severely damaged.
You hit the wretched star but do no damage.
Your kick misses the wretched star.
The wretched star is severely damaged.
The wretched star glows turbulently.
The lance of force hits you!
* * * LOW HITPOINT WARNING * * *
You are knocked back by the lance of force.
You slam into the translucent stone wall!
* * * LOW HITPOINT WARNING * * *
You are too berserk!
You are too berserk!
The wretched star glows turbulently.
The lance of force hits you but does no damage.
You feel a strong urge to attack something.
You closely miss the wretched star. You kick the wretched star.
The wretched star is severely damaged.
You are no longer berserk.
You are exhausted.
You feel yourself slow down.
You hit the wretched star but do no damage.
Your kick misses the wretched star.
The wretched star is severely damaged.
The wretched star glows turbulently.
The lance of force hits you!
You die...

......©...........©#.....#8#
########################.###
.#.h##.....#.#.........#.#
.#)##.###..#.#.........#.###
.#=#.##.##.#.#.^.^....^#.#8#
.#.#.#.#.#.#.#.........#.###
.#.#.#©#.#.#.#....©....#.#
.#.#.#.#.#.#.#^^....^..#.###
.#.##.##.#h#.#..@*.....#.#8#
.#..###.##8#.#......^..#.###
.#.....##©##.#..$=©!...#.#
.###########.###########.###
.........................#8#
........................≈###
########################## #
#8# #8# #8# #8# #8# #8# #
### ### ### ### ### ###


You could see a wretched star, a raiju and a lightning spire.

Vanquished Creatures
  A hydra (D:13)
  An ogre mage (D:12)
  A death knight (D:12)
  Erica (D:10)
  3 centaur warriors
  3 two-headed ogres
  A boulder beetle (D:12)
  The ghost of Splishie the Cleaver, a novice GnWn of Ashenzari (D:7)
  Urug (D:12)
  A deep elf archer (D:12)
  Pikel (D:6)
  3 orc knights
  2 deep elf pyromancers
  A harpy (D:7)
  An oklob plant (Gauntlet)
  2 manticores
  5 ugly things
  4 cyclopes
  4 gargoyles
  Maggie (D:9)
  A kobold demonologist (D:12)
  2 centaur skeletons (D:13)
  A freezing wraith (D:7)
  An unseen horror (D:13)
  A komodo dragon (D:10)
  An efreet (D:12)
  A yaktaur (D:12)
  8 trolls
  5 hornets
  Grinder (D:6)
  3 slime creatures (Gauntlet)
  2 centaur simulacra (D:12)
  A shadow (D:11)
  11 yaks
  2 wyverns (D:10)
  5 wraiths
  2 neqoxecs (Gauntlet)
  Menkaure (D:4)
  4 steam dragons
  9 vampire mosquitoes
  A water moccasin (D:7)
  3 acid dragons
  3 black bears
  4 orc warriors
  2 ice beasts
  A boggart (D:13)
  A tengu (shapeshifter) (D:12)
  13 centaurs
  6 kobold brigands
  3 phantoms
  5 bullfrogs
  3 necrophages
  2 gnoll sergeants
  A small abomination (Gauntlet)
  A scorpion (D:6)
  12 wights
  3 killer bees (D:11)
  An electric eel (D:6)
  4 howler monkeys
  A hound (D:4)
  A human zombie (Ossuary)
  5 jellies
  5 orc priests
  Crazy Yiuf (D:2)
  3 iguanas
  11 orc wizards
  3 mummies (Ossuary)
  17 gnolls
  5 adders
  2 white imps (D:7)
  3 ufetubi
  4 worms
  2 dart slugs
  47 orcs
  6 endoplasms
  2 giant cockroaches
  9 goblins
  2 hobgoblins (D:1)
  13 jackals
  17 kobolds
  4 quokkas (D:1)
  3 training dummies (D:11)
  6 ball pythons
  A bat (D:2)
  A frilled lizard (D:3)
  A goblin zombie (Ossuary)
  A hobgoblin zombie (Ossuary)
  2 kobold zombies (Ossuary)
  7 rats
354 creatures vanquished.

Vanquished Creatures (collateral kills)
  A boulder beetle (D:12)
  A wizard (D:12)
  A vampire (D:11)
3 creatures vanquished.

Grand Total: 357 creatures vanquished

Notes
Turn   | Place    | Note
-------+----------+-------------------------------------------
     0 | D:1      | IdlyInterested the Demonspawn Wanderer began the quest for
                  | the Orb.
     0 | D:1      | IdlyInterested set off with the following items: a +2 hand
                  | axe, a +0 short sword, a piece from Xom's chessboard
                  | (15/15), a scroll of teleportation, a +0 leather armour.
     0 | D:1      | Reached XP level 1. HP: 13/13 MP: 1/1
   127 | D:1      | Reached skill level 1 in Fighting
   204 | D:1      | Gained mutation: You have large cloven feet. [demonic
                  | ancestry]
   204 | D:1      | Reached XP level 2. HP: 17/21 MP: 2/2
   256 | D:1      | Found a faded altar of an unknown god.
   545 | D:1      | Gained mutation: You are partially covered in sharp spines.
                  | [demonic ancestry]
   545 | D:1      | Reached XP level 3. HP: 27/27 MP: 3/3
  1107 | D:2      | Identified the +6 hammer "Hydraslayer" {elec, rF- Dex+4
                  | Stlth+}
  1130 | D:2      | Identified the ring of Rationality {rPois Slay+3}
  1209 | D:2      | Gained mutation: You are partially covered in rugged brown
                  | scales. (AC +1, +3% HP) [demonic ancestry]
  1209 | D:2      | Reached XP level 4. HP: 28/35 MP: 2/4
  1219 | D:2      | Gained mutation: Your movements are slightly less
                  | encumbered by armour. (ER -2) [potion of mutation]
  1219 | D:2      | Gained mutation: You are vulnerable to heat. (rF-) [potion
                  | of mutation]
  1433 | D:2      | Found a runed translucent door.
  1436 | D:2      | Noticed Crazy Yiuf
  1441 | D:2      | Killed Crazy Yiuf
  1516 | D:3      | You fall into a shaft and drop 3 floors!
  1530 | D:5      | Entered Level 5 of the Dungeon
  1592 | D:5      | Found a sand-covered staircase.
  1618 | Ossuary  | Entered an ossuary
  1618 | Ossuary  | Noticed a wraith
  1618 | Ossuary  | Noticed a wraith
  1618 | Ossuary  | Noticed a wraith
  1696 | Ossuary  | Reached XP level 5. HP: 42/42 MP: 5/5
  1837 | Ossuary  | Noticed a wraith
  1842 | Ossuary  | Killed a wraith
  1843 | Ossuary  | Reached skill level 5 in Axes
  1843 | Ossuary  | Reached skill level 2 in Armour
  1843 | Ossuary  | Reached XP level 6. HP: 40/49 MP: 3/6
  2194 | D:5      | Reached skill level 1 in Stealth
  2216 | D:3      | Found a basalt altar of Yredelemnul.
  2292 | D:3      | Reached skill level 1 in Dodging
  2774 | D:4      | Gained mutation: You may rarely emit foul miasma when
                  | damaged in melee. [demonic ancestry]
  2774 | D:4      | Reached XP level 7. HP: 50/55 MP: 5/7
  2945 | D:4      | Found a shadowy altar of Dithmenos.
  2951 | D:4      | Reached skill level 3 in Armour
  3103 | D:4      | Found Diyviud's Weapon Shop.
  3166 | D:4      | Noticed Menkaure
  3173 | D:4      | Killed Menkaure
  3322 | D:4      | Found a snail-covered altar of Cheibriados.
  3326 | D:4      | Found a broken altar of Ashenzari.
  3400 | D:4      | Found a burning altar of Makhleb.
  3581 | D:5      | Reached skill level 4 in Armour
  3698 | D:5      | Reached skill level 5 in Fighting
  3972 | D:5      | Reached XP level 8. HP: 31/63 MP: 4/8
  4800 | D:6      | Noticed Grinder
  4804 | D:6      | Killed Grinder
  4805 | D:6      | Reached skill level 5 in Armour
  4877 | D:6      | Noticed Pikel
  4887 | D:6      | Killed Pikel
  4888 | D:6      | Reached skill level 6 in Armour
  4894 | D:6      | Reached skill level 5 in Evocations
  4894 | D:6      | Gained mutation: You are mostly covered in sharp spines.
                  | [demonic ancestry]
  4894 | D:6      | Reached XP level 9. HP: 23/70 MP: 2/9
  5066 | D:6      | Found a staircase to the Ecumenical Temple.
  5081 | Temple   | Entered the Ecumenical Temple
  6426 | D:7      | Found a runed translucent gate.
  6429 | D:7      | Found an opulent altar of Gozag.
  6433 | D:7      | Found a runed translucent gate.
  6436 | D:7      | Found a runed translucent gate.
  6914 | D:7      | Noticed Splishie's ghost (novice GnWn)
  6962 | D:7      | Found an ornate altar of the Wu Jian Council.
  7149 | D:7      | Killed Splishie's ghost
  7150 | D:7      | Reached skill level 7 in Armour
  7166 | D:7      | Gained mutation: You have hoof-like feet. [demonic
                  | ancestry]
  7166 | D:7      | Reached XP level 10. HP: 35/79 MP: 8/10
  7555 | D:8      | Identified the ring of Eshrous {rC+ EV+4}
  7745 | D:7      | Noticed a cyan ugly thing
  7746 | D:7      | Noticed a deep elf pyromancer
  7759 | D:7      | Reached skill level 8 in Armour
  7770 | D:7      | Noticed a harpy
  7776 | D:7      | Killed a harpy
  7792 | D:7      | Killed a cyan ugly thing
  7801 | D:7      | Killed a deep elf pyromancer
  7802 | D:7      | Reached skill level 9 in Armour
  8354 | D:8      | HP: 2/81 [acid dragon/splash of acid (24)]
  9092 | D:8      | Lost mutation: You are vulnerable to heat. (rF-) [potion of
                  | mutation]
  9092 | D:8      | Lost mutation: Your movements are slightly less encumbered
                  | by armour. (ER -2) [potion of mutation]
  9092 | D:8      | Gained mutation: You have hidden genetic potential. [potion
                  | of mutation]
  9092 | D:8      | Gained mutation: You are covered in fur. (AC +1) [potion of
                  | mutation]
  9212 | D:9      | Gained mutation: You sometimes emit foul miasma when
                  | damaged in melee. [demonic ancestry]
  9212 | D:9      | Reached XP level 11. HP: 64/86 MP: 8/11
  9340 | D:9      | Found a staircase to the Orcish Mines.
  9478 | D:9      | Noticed Maggie
  9486 | D:9      | Paralysed by Maggie for 2 turns
  9488 | D:9      | Killed Maggie
 10358 | D:9      | Found a bloodstained altar of Trog.
 10669 | D:9      | Became a worshipper of Trog the Wrathful
 10711 | D:10     | Entered Level 10 of the Dungeon
 10839 | D:10     | Noticed a two-headed ogre
 10849 | D:10     | Killed a two-headed ogre
 11027 | D:10     | Reached skill level 10 in Armour
 11070 | D:10     | Noticed Erica
 11082 | D:10     | Killed Erica
 11156 | D:10     | Gained mutation: Your mind is acute. (Int +4, Str/Dex -1)
                  | [hidden potential]
 11160 | D:10     | Reached skill level 10 in Axes
 11559 | D:10     | Noticed a two-headed ogre
 11567 | D:10     | Killed a two-headed ogre
 12071 | D:11     | Reached skill level 11 in Armour
 12186 | D:11     | Noticed a two-headed ogre
 12192 | D:11     | Killed a two-headed ogre
 12253 | D:11     | Reached * piety under Trog
 12290 | D:11     | Noticed a red ugly thing
 12299 | D:11     | Killed a red ugly thing
 12393 | D:11     | Found Opeix's Assorted Antiques.
 12405 | D:11     | Gained mutation: You have hooves in place of feet. [demonic
                  | ancestry]
 12405 | D:11     | Reached XP level 12. HP: 86/94 MP: 10/12
 12407 | D:11     | Bought a pink potion for 26 gold pieces
 12407 | D:11     | Bought a pink potion for 26 gold pieces
 12581 | D:11     | Found Boinak's Firing Range.
 12796 | D:11     | Found a staircase to the Lair.
 12943 | D:11     | Bought 5 javelins for 64 gold pieces
 12943 | D:11     | Bought 4 datura-tipped darts for 25 gold pieces
 12943 | D:11     | Bought 4 javelins for 51 gold pieces
 12965 | D:12     | Found a sparkling altar of Nemelex Xobeh.
 12985 | D:12     | Reached ** piety under Trog
 13049 | D:12     | Noticed a boulder beetle
 13053 | D:12     | Noticed Urug
 13079 | D:12     | Killed a boulder beetle
 13080 | D:12     | Reached skill level 12 in Armour
 13084 | D:12     | Noticed an ogre mage
 13090 | D:12     | Gained mutation: You are robust. (+10% HP) [hidden
                  | potential]
 13090 | D:12     | Lost mutation: You have hidden genetic potential. [hidden
                  | potential expressed]
 13111 | D:12     | Killed an ogre mage
 13423 | D:12     | Killed Urug
 13521 | D:12     | Noticed a centaur warrior
 13533 | D:12     | Killed a centaur warrior
 13544 | D:12     | Noticed a centaur warrior
 13554 | D:12     | Killed a centaur warrior
 13871 | D:12     | Noticed a boulder beetle
 13872 | D:12     | Noticed a death knight
 13889 | D:12     | HP: 5/160 [death knight/+4 great mace of protection (14)]
 13890 | D:12     | Killed a death knight
 13891 | D:12     | Reached XP level 13. HP: 7/114 MP: 0/13
 14260 | D:12     | Identified the +2 robe of Card Tricks {rN+}
 14509 | D:12     | Found a portal to a secret trove of treasure.
 14915 | D:13     | Found a gate to the Vaults.
 14944 | D:13     | Reached *** piety under Trog
 14946 | D:13     | Reached skill level 13 in Armour
 14974 | D:13     | Found a gate leading to a gauntlet.
 14993 | D:13     | Identified the ring "Rooman" {rC+ rN+ rCorr Str-3}
 14998 | Gauntlet | Entered a Gauntlet
 14998 | Gauntlet | Found a transporter.
 15345 | Gauntlet | Found a transporter.
 15347 | Gauntlet | Found a transporter.
 15349 | Gauntlet | Found a transporter.
 15365 | Gauntlet | Found a transporter.
 15380 | Gauntlet | Found a transporter.
 15427 | Gauntlet | Found a transporter.
 15429 | Gauntlet | Found a transporter.
 15444 | Gauntlet | Found a transporter.
 15461 | Gauntlet | Found a transporter.
 15469 | Gauntlet | Found a transporter.
 15487 | Gauntlet | Found a transporter.
 15504 | Gauntlet | Found a transporter.
 15538 | Gauntlet | Found a transporter.
 15568 | Gauntlet | Found a transporter.
 15597 | Gauntlet | Found a transporter.
 15602 | Gauntlet | Noticed a cacodemon
 15621 | Gauntlet | Found a transporter.
 15622 | Gauntlet | Found the amulet of the Air {Inacc Air Fly rElec RMsl}
 15639 | Gauntlet | Found a transporter.
 15924 | Gauntlet | Identified the ring of Hiyt {rElec Will+ Str+3 Int+6}
 16036 | Gauntlet | Killed from afar by a wretched star

Illustrated notes

Levels and vault maps discovered:
D:1:      minmay_arrival_stone_box, layout_basic, serial_curves, eino_curves_01,
          eino_curves_03, hellmonk_ecumenical_altar_zigzags
D:2:      layout_rooms, serial_glass, glass_columns_c, glass_columns_a,
          uniq_crazy_yiuf_cottage
D:3:      layout_rooms, mainiacjoe_overflow_tiny_flanked
D:4:      layout_cave_pools, kennysheep_mini, minitemple, serial_shops,
          nicolae_shop_behind_doors, serial_bayou_ford_a, uniq_menkaure
D:5:      layout_basic, nicolae_ossuary_entry_false_entrances
D:6:      layout_basic, minmay_temple_entry_tees, minmay_misc_feat_pillars,
          minmay_crystal_water, uniq_grinder, uniq_pikel
D:7:      minmay_klotski, layout_loops_ring, mainiacjoe_overflow_alcove_2,
          ebering_ghost_gozag, grunt_ministairs_6
D:8:      layout_loops_ring, kennysheep_opposing_triangles
D:9:      layout_layer_cave, trog_three_pillars_becter, david_orc_3, uniq_maggie
D:10:     layout_long_grid, minmay_fractal_squares_diagonal_5, uniq_erica
D:11:     layout_basic, lair_entry_dummy, serial_shops,
          nicolae_shop_competitors_out_of_business, nicolae_shop_firing_range
D:12:     minmay_swirls_squares, layout_long_grid, nicolae_trove_entry_diagonal,
          nemelex_xobeh_ov_fountains_minmay, uniq_urug
D:13:     layout_basic, hangedman_vaults_entry_quadrant_bands,
          gauntlet_entry_generic, nicolae_kikubaaqudgha_miasma_corner
Temple:   nicolae_temple_two_arcs
Gauntlet: gammafunk_gauntlet_one_two_three [nicolae_gauntlet_arena_x,
          nicolae_gauntlet_arena_grate_2,
          gammafunk_gauntlet_arena_split_diamond,
          gammafunk_gauntlet_arena_chambers, gammafunk_gauntlet_arena_mazey,
          gammafunk_gauntlet_arena_teeth, gammafunk_gauntlet_arena_split_x,
          gammafunk_gauntlet_arena_spirals, gammafunk_gauntlet_arena_open,
          gauntlet_exit_green]

Skill      XL: |  1  2  3  4  5  6  7  8  9 10 11 12 13 |
---------------+----------------------------------------+-----
Fighting       | 1 2 3 4 5 6 7 8 9 |  9.0
Axes           | 4 5 6 7 8 9 10 11 12 | 12.1
Armour         | 2 4 6 7 9 11 12 13 | 13.2
Stealth        | 1 2 3 4 |  4.0
Dodging        | 1 2 3 4 |  4.0
Evocations     | 5 6 7 8 |  8.9
Short Blades   | |  1.0
Invocations    | |  1.2

Action                   |  1- 3 |  4- 6 |  7- 9 | 10-12 | 13-15 || total
-------------------------+-------+-------+-------+-------+-------++-------
Melee: Hand axe          |    81 |    13 |   106 |       |       ||   200
       Kick              |    16 |    16 |    45 |   141 |    39 ||   257
       Punch             |     1 |       |     4 |     2 |       ||     7
       Mace              |       |    49 |       |       |       ||    49
       War axe           |       |       |    43 |   306 |       ||   349
       Broad axe         |       |       |       |    44 |    79 ||   123
Throw: Dart              |       |       |       |     3 |       ||     3
       Javelin           |       |       |       |     5 |       ||     5
       Boomerang         |       |       |       |     2 |    10 ||    12
Invok: Trog's Hand       |       |       |       |     5 |     1 ||     6
       Berserk           |       |       |       |       |     2 ||     2
Evoke: Piece from Xom's  |       |       |     4 |     4 |     2 ||    10
       Wand              |       |       |     4 |    12 |     2 ||    18
       Box of beasts     |       |       |       |     1 |       ||     1
       Condenser vane    |       |       |       |     1 |       ||     1
  Use: Scroll            |     8 |     5 |    10 |     7 |     1 ||    31
       Potion            |       |     1 |     3 |    13 |     1 ||    18
 Stab: Sleeping          |     1 |     2 |     1 |     4 |       ||     8
       Distracted        |       |       |     1 |       |       ||     1
       Invisible         |       |       |       |     1 |       ||     1
       Petrifying        |       |       |       |       |     2 ||     2
Armor: Leather armour    |    18 |     3 |    40 |    18 |       ||    79
       Scale mail        |     7 |    16 |       |       |       ||    23
       Skin              |       |       |     4 |       |       ||     4
       Acid dragon scale |       |       |       |   102 |    40 ||   142
       Plate armour      |       |       |       |     1 |    12 ||    13
Dodge: Dodged            |    42 |    15 |    61 |   345 |    74 ||   537

Table legend: (Time is in decaauts)
 A = Elapsed time spent in this place.
 B = Non-inter-level travel time spent in this place.
 C = Inter-level travel time spent in this place.
 D = Time resting spent in this place.
 E = Time spent auto-exploring this place.
 F = Levels seen in this place.
 G = Mean time per level.
                   A        B        C        D        E       F      G
               +--------+--------+--------+--------+--------+-----+--------+
         Total |  16094 |  14351 |   1743 |   2252 |   7822 |  16 | 1005.9 |
       Dungeon |  14502 |  12765 |   1737 |   1878 |   7674 |  13 | 1115.5 |
        Temple |    119 |    113 |      6 |      0 |    106 |   1 |  119.0 |
       Ossuary |    427 |    427 |      0 |     49 |     42 |   1 |  427.0 |
      Gauntlet |   1045 |   1045 |      0 |    325 |      0 |   1 | 1045.0 |
               +--------+--------+--------+--------+--------+-----+--------+

Top non-repeatable levels by time:
    D:12: 1743 daAuts
     D:7: 1730 daAuts
     D:9: 1654 daAuts
     D:6: 1525 daAuts
     D:5: 1284 daAuts
     D:8: 1222 daAuts
    D:10: 1196 daAuts
Gauntlet: 1045 daAuts
    D:11: 1012 daAuts
     D:2: 834 daAuts
     D:1: 826 daAuts
     D:4: 678 daAuts
     D:3: 532 daAuts
 Ossuary: 427 daAuts
    D:13: 263 daAuts
